 Dungeon Crawl Stone Soup version 0.31-a0-960-g0fca184906 (webtiles) character file.

Game seed: 8300992108917239922

577 Error4North the Changeling (level 7, -3/55 (57) HPs)
             Began as a Black Draconian Shapeshifter on Oct 23, 2023.
             Was an Initiate of Wu Jian.
             Slain by a wight
             ... wielding a +5 scimitar
              (15 damage)
             ... on level 6 of the Dungeon.
             The game lasted 00:10:37 (3793 turns).

Error4North the Changeling (DrSh)                   Turns: 3793, Time: 00:10:37

HP:   -3/55 (57)    AC:  6    Str: 18    XL:     7   Next: 13%
MP:   7/7           EV: 12    Int: 10    God:    Wu Jian [......]
Gold: 141           SH:  0    Dex: 11    Spells: 6/6 levels left

rFire   . .          .
                       - Unarmed
rCold   . . .        (no shield)
rNeg    . . .        (body armour unavailable)
rPois   .            (helmet currently unavailable)
rElec   +            (cloak currently unavailable)
rCorr   .            (gloves currently unavailable)
SInv    .            (boots currently unavailable)
Will    +....        (no amulet)
Stlth   ++           j - ring of willpower
HPRegen 0.29/turn    (no ring)
MPRegen 0.10/turn

%: no passive effects
@: beast-form, lightly drained
A: beast (slay +2), breathe lightning, AC +6, unfitting armour, electricity
resistance, cold-blooded
a: Breathe Lightning, Begin Untransformation, Renounce Religion


You were on level 6 of the Dungeon.
You worshipped Wu Jian.
Wu Jian was noncommittal.
You were a hulking beast.
You visited 2 branches of the dungeon, and saw 7 of its levels.

You collected 152 gold pieces.
You spent 11 gold pieces at shops.

Inventory:

Jewellery
 j - a ring of willpower (left hand)
Talismans
 b - a beast talisman
 c - a flux talisman
 m - a maw talisman
Wands
 l - a wand of paralysis (14)
Scrolls
 e - a scroll of fog {unknown}
 f - a scroll of blinking {unknown}
 g - 2 scrolls of poison {unknown}
 h - a scroll of identify {unknown}
 i - 4 scrolls of teleportation {unknown}
 k - a scroll of revelation {unknown}
 o - a scroll of enchant armour {unknown}
Potions
 a - 4 potions of lignification
 d - 2 potions of heal wounds {unknown}
 p - 2 potions of curing


   Skills:
 * Level 3.2 Fighting
 * Level 3.3 Dodging
 + Level 2.3 Stealth
 + Level 4.8 Unarmed Combat
 + Level 0.5 Evocations
 * Level 4.8 Shapeshifting


You had 6 spell levels left.
You didn't know any spells.
Your spell library contained the following spells:

 Spells                   Type           Power      Damage    Failure   Level
 Apportation              Tloc           0%         N/A       36%         1
 Necrotise                Necr           0%         1d4       36%         1
 Summon Small Mammal      Summ           0%         N/A       36%         1
 Cigotuvi's Dreadful Rot  Necr/Pois/Air  0%         N/A       50%         2
 Ignite Poison            Fire/Tmut/Pois 0%         N/A       75%         3
 Animate Dead             Necr           0%         N/A       98%         4
 Freezing Cloud           Conj/Ice/Air   0%         6-21      100%        5
 Haunt                    Necr/Summ      0%         N/A       100%        7
 Infestation              Necr           0%         N/A       100%        8


Dungeon Overview and Level Annotations

Branches:
Dungeon (6/15)             Temple (1/1) D:5

Altars:
Cheibriados
Dithmenos
Fedhas
Gozag
Okawaru
Qazlal
Ru
Sif Muna
Trog
Uskayaw
Vehumet
Wu Jian
Yredelemnul
Zin
The Shining One

Shops:
D:1 !   D:4 :

Annotations:
D:3 3 runed translucent doors, bmj180's ghost, amateur HuCj; night's ghost, weakling TrSh
Temple 2 transporters


Innate Abilities, Weirdness & Mutations

You are a hulking beast.
Your limbs bulge with bestial killing power. (Slay +2)
You can breathe wild blasts of lightning.
Your glossy black scales are hard. (AC +6)
You cannot fit into any form of body armour.
You are resistant to electric shocks. (rElec)
You are cold-blooded and may be slowed by cold attacks.


Message History

A wight comes into view. It is wielding a +5 scimitar.
A wight comes into view. It is wielding a +0 mace.
You lunge at the wight.
You hit the wight.
The wight is lightly damaged.
The wight completely misses you.
You hit the wight.
The wight is moderately damaged.
The wight hits you with a +2 falchion.
You hit the wight.
The wight is moderately damaged.
The wight hits you with a +2 falchion.
You hit the wight but do no damage.
The wight is moderately damaged.
The wight closely misses you.
You hit the wight.
The wight is heavily damaged.
The wight hits you but does no damage.
You completely miss the wight.
Your tail-slap misses the wight.
The wight is heavily damaged.
The wight hits you with a +2 falchion.
You hit the wight.
The wight is almost destroyed.
The wight closely misses you.
You hit the wight.
You destroy the wight!
The Council accepts your kill. The wight misses you.
The wight barely misses you.
You punch the wight!
The wight is moderately damaged.
The wight hits you with a +0 mace! The wight hits you with a +5 scimitar.
You feel drained.
You closely miss the wight.
The wight is moderately damaged.
The wight hits you with a +0 mace.
You feel drained. The wight hits you with a +5 scimitar!
* * * LOW HITPOINT WARNING * * *
You hit the wight.
The wight is severely damaged.
The wight barely misses you. The wight hits you with a +5 scimitar!
You die...

. ......#.#.... #
#...........# ##
####....#.#...# ..# #
........#....###.# .#
................# ...
................####....
#......................#
...........†.....)..#
..#.##..........hz..#
..#####...#......z#....#
### ##......#...# ..#
##.....##### # ####.##
###


You could see 2 wights.

Vanquished Creatures
  A black bear (D:4)
  3 scorpions
  A wight (D:6)
  A hound (D:5)
  An orc priest (D:4)
  2 orc wizards (D:4)
  2 gnolls (D:6)
  4 adders
  4 orcs (D:4)
  5 bats
  5 endoplasms
  5 goblins
  3 hobgoblins
  5 kobolds
  4 quokkas
  4 ball pythons
  7 frilled lizards
  7 rats
64 creatures vanquished.

Vanquished Creatures (others)
  2 orc wizards (D:4)
2 creatures vanquished.

Grand Total: 66 creatures vanquished

Notes
Turn   | Place    | Note
-------+----------+-------------------------------------------
     0 | D:1      | Error4North the Draconian Shapeshifter began the quest for
                  | the Orb.
     0 | D:1      | Reached XP level 1. HP: 16/16 MP: 1/1
   152 | D:1      | Found Cyajopn's Distillery.
   189 | D:1      | Bought a potion of degeneration for 11 gold pieces
   227 | D:1      | Reached XP level 2. HP: 22/23 MP: 2/2
   844 | D:2      | Reached XP level 3. HP: 28/28 MP: 3/3
  1550 | D:3      | Found a runed translucent gate.
  1550 | D:3      | Found a runed translucent gate.
  1551 | D:3      | Found a runed translucent gate.
  1554 | D:3      | Noticed bmj180's ghost (amateur HuCj)
  1554 | D:3      | Noticed night's ghost (weakling TrSh)
  1960 | D:4      | Found Zat Utyq's Book Shoppe.
  2176 | D:4      | Reached XP level 4. HP: 23/36 MP: 4/4
  2195 | D:4      | Gained mutation: You are frail. (-10% HP) [potion of
                  | mutation]
  2195 | D:4      | Lost mutation: You are frail. (-10% HP) [potion of
                  | mutation]
  2351 | D:4      | Noticed a black bear
  2372 | D:4      | Killed a black bear
  2373 | D:4      | Reached skill level 1 in Stealth
  2373 | D:4      | Reached XP level 5. HP: 42/42 MP: 5/5
  3126 | D:5      | Entered Level 5 of the Dungeon
  3137 | D:4      | Reached XP level 6. HP: 43/50 MP: 6/6
  3197 | D:5      | Found a staircase to the Ecumenical Temple.
  3206 | Temple   | Found a transporter.
  3206 | Temple   | Found a transporter.
  3206 | Temple   | Found a transporter.
  3206 | Temple   | Found a transporter.
  3206 | Temple   | Entered the Ecumenical Temple
  3226 | Temple   | Became a worshipper of the Wu Jian Council
  3538 | D:5      | Noticed an ice beast
  3738 | D:6      | Your scales start taking on a glossy black colour.
  3738 | D:6      | Reached XP level 7. HP: 49/57 MP: 7/7
  3738 | D:6      | Gained mutation: You are resistant to electric shocks.
                  | (rElec) [Black Draconian growth]
  3793 | D:6      | Slain by a wight

Illustrated notes

Levels and vault maps discovered:
D:1:      minmay_arrival_four_houses, layout_loops_ring, serial_shops,
          shop_statue, st_stairs_3, hangedman_decor_diamond_cutter,
          minmay_pentomino_u4
D:2:      layout_basic
D:3:      layout_rooms, gammafunk_ghost_cemetery
D:4:      layout_basic, serial_shops, nicolae_take_the_stairs,
          minmay_tree_intersection
D:5:      layout_cave_pools, nemelex_diamond_rough_becter, elyvilon_altar_5,
          minmay_temple_entry_crystal_x
D:6:      layout_cave_pools, hangedman_minor_gate_pass
Temple:   hellmonk_temple_divided_pantheon

Skill      XL: |  1  2  3  4  5  6 |
---------------+-------------------+-----
Dodging        | 2 3 |  3.3
Fighting       | 2 3 |  3.2
Stealth        | 1 2 |  2.3
Unarmed Combat | 4 |  4.8
Shapeshifting  | 4 |  4.8
Evocations     | |  0.5

Action                     |  1- 3 |  4- 6 |  7- 9 || total
---------------------------+-------+-------+-------++-------
  Melee: Unarmed           |   104 |   103 |    11 ||   218
         Tailslap          |     6 |    14 |       ||    20
         Punch             |     3 |     3 |       ||     6
Ability: Lunge             |       |       |     1 ||     1
  Evoke: Wand              |       |     5 |       ||     5
    Use: Potion            |       |     5 |       ||     5
   Stab: Sleeping          |     2 |     1 |       ||     3
         Paralysed         |       |     8 |       ||     8
 Armour: Skin              |    54 |    80 |     9 ||   143
  Dodge: Dodged            |    61 |    57 |     6 ||   124

Table legend: (Time is in decaauts)
 A = Elapsed time spent in this place.
 B = Non-inter-level travel time spent in this place.
 C = Inter-level travel time spent in this place.
 D = Time resting spent in this place.
 E = Time spent auto-exploring this place.
 F = Levels seen in this place.
 G = Mean time per level.
                   A        B        C        D        E       F      G
               +--------+--------+--------+--------+--------+-----+--------+
         Total |   3782 |   3693 |     89 |    434 |   2464 |   7 |  540.3 |
       Dungeon |   3745 |   3687 |     58 |    434 |   2464 |   6 |  624.2 |
        Temple |     36 |      5 |     31 |      0 |      0 |   1 |   36.0 |
               +--------+--------+--------+--------+--------+-----+--------+

Top non-repeatable levels by time:
     D:4: 1396 daAuts
     D:2: 740 daAuts
     D:1: 730 daAuts
     D:3: 457 daAuts
     D:6: 222 daAuts
     D:5: 198 daAuts
  Temple: 36 daAuts
